 Dungeon Crawl Stone Soup version 0.24-a0-226-gca05e9d (webtiles) character file.

Game seed: 16144222958113408201

116 CanOfBees the Shooter (level 4, -2/38 HPs)
             Began as a Centaur Hunter on Apr 1, 2019.
             Slain by Grinder (3 damage)
             ... while paralysed by Grinder
             ... on level 3 of the Dungeon.
             The game lasted 00:04:30 (2933 turns).

CanOfBees the Shooter (Centaur Hunter)              Turns: 2933, Time: 00:04:31

Health: -2/38      AC:  7    Str: 16    XL:     4   Next: 69%
Magic:  4/4        EV:  1    Int: 10    God:
Gold:   56         SH:  0    Dex:  9    Spells: 3/3 levels left

rFire    . . .     SeeInvis .   a - +1 shortbow
rCold    . . .     Gourm    .   (shield currently unavailable)
rNeg     . . .     Faith    .   k - +0 chain mail
rPois    .         Spirit   .   (no helmet)
rElec    .         Reflect  .   (no cloak)
rCorr    .         Harm     .   (no gloves)
MR       .....                  (no barding)
Stlth    ..........             e - amulet of magic regeneration
HPRegen  0.12/turn              (no ring)
MPRegen  0.34/turn              (no ring)

@: paralysed, very quick
A: large, hooves 3, deformed body, speed 2, tough skin 3
a: no special abilities


You were on level 3 of the Dungeon.
You were not hungry.

You visited 1 branch of the dungeon, and saw 3 of its levels.

You collected 56 gold pieces.

Inventory:

Hand Weapons
 a - a +1 shortbow (weapon)
 b - a +0 short sword
Missiles
 d - 13 arrows (quivered)
Armour
 k - a +0 chain mail (worn)
Jewellery
 e - an amulet of magic regeneration (around neck)
Scrolls
 g - a scroll of teleportation {unknown}
 i - 4 scrolls of identify
 l - a scroll of magic mapping {unknown}
 m - a scroll of remove curse {unknown}
Potions
 j - a potion of berserk rage {unknown}
Comestibles
 c - a chunk of flesh
 f - 5 rations


   Skills:
 + Level 3.3 Fighting
 + Level 6.4 Bows
 + Level 1.0 Armour
 - Level 2.0 Dodging
 - Level 0.4 Stealth


You had 3 spell levels left.
You didn't know any spells.
Your spell library was empty.

Dungeon Overview and Level Annotations

Branches:
Dungeon (3/15)

Altars:
Dithmenos

Annotations:
D:3 Grinder


Innate Abilities, Weirdness & Mutations

You have hooves in place of feet.
Armour fits poorly on your strangely shaped body.
You cover ground very quickly.
You have extremely tough skin. (AC +3)


Message History

Grinder gestures at you. Pain shoots through your body!
Firing (i - inventory)
d - 14 arrows (quivered)
Press: ? - help, Shift-Dir - straight line, f/p - Grinder
Aim: Grinder (lightly wounded)
You shoot an arrow. The arrow barely misses Grinder.
Grinder gestures at you.
You suddenly lose the ability to move!
Grinder gestures at you. Pain shoots through your body!
Grinder gestures at you. Pain shoots through your body! Grinder hits you.
* * * LOW HITPOINT WARNING * * *
You writhe in agony.
* * * LOW HITPOINT WARNING * * *
Grinder hits you.
* * * LOW HITPOINT WARNING * * *
You writhe in agony.
You die...

#..<#...#..
#.#.#.#.#.. #
#.._..#.# #
#...#.#.#.#.#
######.###.#.#
..............#
........###.#######..
##########..5.......#
#...@..#### #......#
#......# #......#
#......# #......#
#......# #......#
#......#


You could see Grinder.

Vanquished Creatures
  A worker ant (D:2)
  3 adders
  A worm (D:2)
  A dart slug (D:2)
  A ball python (D:2)
  A giant cockroach (D:1)
  10 goblins
  10 hobgoblins
  6 jackals
  5 bats (D:1)
  2 frilled lizards
  5 kobolds
  9 rats
55 creatures vanquished.

Notes
Turn   | Place    | Note
-------+----------+-------------------------------------------
     0 | D:1      | CanOfBees the Centaur Hunter began the quest for the Orb.
     0 | D:1      | Reached XP level 1. HP: 17/17 MP: 1/1
   430 | D:1      | Reached XP level 2. HP: 16/24 MP: 2/2
  1382 | D:1      | Reached XP level 3. HP: 16/30 MP: 3/3
  1886 | D:2      | Reached skill level 6 in Bows
  2022 | D:2      | Reached XP level 4. HP: 16/38 MP: 4/4
  2896 | D:3      | Reached skill level 1 in Armour
  2897 | D:3      | Found a shadowy altar of Dithmenos.
  2912 | D:3      | Noticed Grinder
  2912 | D:3      | Paralysed by Grinder for 2 turns
  2929 | D:3      | Paralysed by Grinder for 7 turns
  2933 | D:3      | HP: 1/38 [Grinder (3)]
  2933 | D:3      | Slain by Grinder

Levels and vault maps discovered:
D:1:      dpeg_arrival_circle_labyrinth_c, layout_loops_corners
D:2:      layout_rooms
D:3:      minmay_diamond_boxcup, layout_basic, lemuel_crystal_altar,
          first_ration, portal_sewer_entry_b, uniq_grinder

Skill      XL: |  1  2  3  4 |
---------------+-------------+-----
Dodging        | 2 |  2.0
Bows           | 6 |  6.4
Fighting       | 3 |  3.3
Armour         | 1 |  1.0
Stealth        | |  0.4

Action                   |  1- 3 |  4- 6 || total
-------------------------+-------+-------++-------
Melee: Short sword       |   151 |    54 ||   205
       Kick              |    30 |     9 ||    39
 Fire: Shortbow          |     9 |     7 ||    16
  Use: Potion            |     1 |     1 ||     2
       Scroll            |       |     1 ||     1
  Eat: Chunk             |     3 |     2 ||     5
Armor: Leather armour    |    56 |       ||    56
       Chain mail        |    64 |    36 ||   100
Dodge: Dodged            |    75 |    20 ||    95

Table legend:
 A = Non-vault XP
 B = Vault XP
 C = Vault XP percentage of total XP
 D = Non-vault monster count
 E = Vault monster count
 F = Vault count percentage of total count
                 A         B        C        D         E       F
            +---------+---------+-------+---------+---------+-------
      Total |     166 |       0 |   0.0 |      55 |       0 |   0.0
            +---------+---------+-------+---------+---------+-------
        D:1 |      57 |       0 |   0.0 |      29 |       0 |   0.0
        D:2 |      96 |       0 |   0.0 |      25 |       0 |   0.0
        D:3 |      13 |       0 |   0.0 |       1 |       0 |   0.0
            +---------+---------+-------+---------+---------+-------
